[Event "35th Staufer-Open-A 2025"]
[Site "Schwaebisch Gmuend"]
[Date "2025.01.05"]
[Round "8.14"]
[White "Skembris, Spyridon"]
[Black "Czaeczine, Anne"]
[Result "1-0"]
[ECO "A14"]
[WhiteElo "2264"]
[BlackElo "2173"]
[Annotator "TA"]
[PlyCount "105"]
[EventDate "2024.11.24"]
[EventType "swiss"]
[EventCountry "GER"]
[SourceTitle "playchess.com"]
[Source "ChessBase"]
[SourceQuality "1"]
[TimeControl "40/6000+30:1200+30"]

1. c4 Nf6 2. Nf3 e6 3. g3 d5 4. Bg2 Be7 5. O-O O-O 6. b3 d4 7. e3 c5 {[%emt 0:01:31] A14: English Opening: 1...e6 with b3 by White.} 8. exd4 {[%emt 0:02:21] 8.Ne5 injects fresh life into this line.} cxd4 9. d3 Nc6 10. Re1 Bd6 11. a3 Rb8 $146 ({Black should play} 11... a5 $11) ({Predecessor:} 11... a5 12. Bg5 h6 13. Bxf6 Qxf6 14. Nbd2 Qe7 15. Qc1 e5 16. c5 Bxc5 17. Nc4 f6 {1-0 Jimenez Garcia,E (2410)-Terao,J (2242) American Continental 17th 2023 (3)}) 12. b4 $14 b5 13. Nbd2 a6 14. Bb2 e5 15. Rc1 Bb7 16. Ng5 h6 17. Nge4 Nxe4 18. Bxe4 Ne7 19. Bxb7 Rxb7 20. Qf3 Rb8 21. Nb3 Ng6 22. Na5 Ne7 {[%emt 0:01:58] [#]} (22... Qd7 $11 {feels stronger.}) 23. Rc2 ({Better is} 23. Nb7 $1 $16 Qd7 24. Nxd6 Qxd6 25. Qe4) 23... Bc7 (23... Qd7 $11) 24. Nb7 $14 Qd7 25. Nc5 Qd6 $1 26. Rec1 Bd8 27. Re1 Bc7 $1 28. h4 a5 29. cxb5 Rxb5 30. Rec1 Nd5 (30... axb4 $2 {too greedy.} 31. Ne4 Qa6 32. a4 $18 (32. Rxc7 bxa3 33. Ba1 Nd5 $14)) 31. Ne4 Qd7 32. a4 Rxb4 33. Ba3 Nc3 $2 (33... f5 $16 34. Nc5 Qf7) 34. Nxc3 $18 dxc3 35. Rxc3 Bd6 36. Bxb4 Bxb4 37. Rc6 Qd4 38. Qe4 Qxe4 39. dxe4 h5 40. Rc8 Rxc8 (40... g6 $142 41. Kg2 Rxc8 42. Rxc8+ Kg7) 41. Rxc8+ $18 Kh7 42. Rc6 f6 43. Kf1 Kg6 44. Ke2 Kf7 45. f4 exf4 46. gxf4 f5 (46... g6 $142 47. Kf1 Bd2) 47. exf5 $18 Be7 48. Ra6 (48. Rc7 $142 {Black must now prevent Ra7.} Kf6 49. Rb7) 48... Bd8 49. Kf3 Ke7 50. Ke4 Kf7 51. Ra8 (51. Ra7+ $142 Kf6 52. Ra8 Ke7 53. f6+ gxf6 54. Kf5 Bb6 55. Kg6 Kd7 56. Kxf6 (56. Kxh5 Bf2 $18)) 51... Ke7 52. f6+ gxf6 53. Kf5 1-0

[Event "35th Staufer-Open-A 2025"]
[Site "Schwaebisch Gmuend"]
[Date "2025.01.05"]
[Round "8.15"]
[White "Meissner, Felix"]
[Black "Schuffenhauer, Robert"]
[Result "1-0"]
[ECO "B30"]
[WhiteElo "2372"]
[BlackElo "2017"]
[Annotator "TA"]
[PlyCount "55"]
[EventDate "2024.11.24"]
[EventType "swiss"]
[EventCountry "GER"]
[SourceTitle "playchess.com"]
[Source "ChessBase"]
[SourceQuality "1"]
[TimeControl "40/6000+30:1200+30"]

1. e4 c5 2. Nf3 Nc6 3. Bb5 Nf6 4. Bxc6 dxc6 5. d3 Bg4 6. Nbd2 g6 7. h3 Bxf3 8. Nxf3 Bg7 9. O-O Qc7 10. Re1 e6 11. e5 Nd5 12. Qe2 h6 13. Qe4 O-O-O 14. a3 Rhe8 15. c4 Nb6 16. Bf4 (16. b4 $16) 16... g5 $14 17. Bg3 Qe7 {[%emt 0:00:29] [#]} 18. b4 $1 cxb4 (18... Na4 19. Qe2) 19. axb4 Qxb4 $2 {[%emt 0:00:55] [#]} (19... Qd7 $16) 20. Reb1 $1 $18 (20. Rxa7 Bf8 21. Rc1 Qb2 $18) 20... Qc5 21. Rxa7 Kc7 $2 {[%emt 0:01:57] [#]} (21... Kb8) 22. Rb5 $3 Qe7 {[%emt 0:04:53] [#]} 23. c5 $1 Kb8 {[%emt 0:00:08][%cal Bc7b8,Bb8b7,Bb7c8,Bc8d7][%mdl 32] [#]} (23... Rb8 24. cxb6+) 24. Rxb7+ Kxb7 25. Rxb6+ Kc8 26. Qxc6+ Qc7 {[%emt 0:00:09] Black is weak on the light squares} 27. Qa8+ Kd7 28. c6+ 1-0

[Event "35th Staufer-Open-A 2025"]
[Site "Schwaebisch Gmuend"]
[Date "2025.01.05"]
[Round "8.16"]
[White "Latzke, Boris"]
[Black "Riehle, Marco"]
[Result "0-1"]
[ECO "D42"]
[WhiteElo "2197"]
[BlackElo "2388"]
[Annotator "TA"]
[PlyCount "104"]
[EventDate "2024.11.24"]
[EventType "swiss"]
[EventCountry "GER"]
[SourceTitle "playchess.com"]
[Source "ChessBase"]
[SourceQuality "1"]
[TimeControl "40/6000+30:1200+30"]

1. d4 d5 2. c4 e6 3. Nc3 c5 4. e3 cxd4 5. exd4 Nf6 6. Nf3 Be7 7. cxd5 Nxd5 8. Bd3 O-O 9. O-O Nc6 10. a3 Bf6 11. Bc2 Nxc3 12. bxc3 b6 13. Qd3 g6 14. Bh6 Re8 15. Rfe1 Bb7 16. Rad1 Ne7 17. Ne5 Nf5 18. Bf4 Rc8 19. Bb3 Bg7 20. f3 Bd5 21. Ba4 Re7 22. Bb5 Bb7 23. Ng4 Qd5 24. Be5 Qb3 (24... Bxe5 $5 25. Rxe5 Qb3 $17) 25. c4 (25. Qe2 $11 {keeps the balance.} Qxc3 (25... Qxa3 26. Bxg7 Nxg7 27. Nf6+ Kh8 28. Qd2 $16) 26. Bxg7 Nxg7 (26... Kxg7 $2 27. Qe5+ f6 28. Nxf6 $18) 27. Nf6+ Kh8 28. Qe5) 25... Qxd3 $17 26. Rxd3 a6 27. Ba4 Rxc4 28. Bb3 Rc8 29. Nf6+ Bxf6 30. Bxf6 {[%emt 0:00:08][%cal Og2g4] aiming for g4!.} Rd7 31. g4 Ng7 $36 {[%emt 0:04:27][%mdl 2048] Black has strong initiative.} 32. h4 Ne8 33. Be5 Bd5 34. h5 (34. Rb1 $17) 34... gxh5 $19 35. gxh5 f6 36. Bf4 Kf7 37. Kf2 b5 38. Bd1 Ng7 39. Be3 Nf5 ({But not} 39... Nxh5 40. Rh1 Ng7 41. Rxh7) 40. f4 Rdc7 41. Bd2 Rg8 42. Rg1 {[%emt 0:00:00] Prevents Rg2+.} Rxg1 43. Kxg1 Rc8 {[%emt 0:00:03] And now ...Rg8+ would win.} 44. Bb4 Rg8+ 45. Kf2 Rg2+ 46. Ke1 Bc4 47. Rh3 Nxd4 48. h6 (48. Bc3 {was necessary.} Ne2 49. Bxe2 Bxe2 (49... Rxe2+ $2 50. Kd1 $19) 50. Bd4) 48... Be2 49. Bc5 $2 (49. Bxe2 Rxe2+ 50. Kd1) 49... Rg1+ 50. Kf2 Rxd1 51. Bxd4 Rxd4 52. Kxe2 Kg6 0-1

[Event "35th Staufer-Open-A 2025"]
[Site "Schwaebisch Gmuend"]
[Date "2025.01.05"]
[Round "8.17"]
[White "Zeller, Frank"]
[Black "Luebke, Florentin"]
[Result "1/2-1/2"]
[ECO "D90"]
[WhiteElo "2325"]
[BlackElo "2146"]
[Annotator "TA"]
[PlyCount "136"]
[EventDate "2024.11.24"]
[EventType "swiss"]
[EventCountry "GER"]
[SourceTitle "playchess.com"]
[Source "ChessBase"]
[SourceQuality "1"]
[TimeControl "40/6000+30:1200+30"]

1. d4 Nf6 2. c4 g6 3. Nc3 d5 4. Nf3 Bg7 5. h4 c6 6. cxd5 cxd5 7. Bf4 Ne4 8. Rc1 Nc6 9. e3 Bg4 10. Qb3 Nxc3 11. Rxc3 Qd7 12. Bb5 Bxf3 13. gxf3 O-O 14. O-O h6 15. Rfc1 Rac8 16. Kg2 Kh7 17. Qc2 Bf6 18. Bg3 Rg8 (18... a5 {was necessary.} 19. Bxc6 Rxc6 20. Rxc6 bxc6) 19. Bxc6 $18 bxc6 20. Rxc6 Rxc6 21. Qxc6 Qf5 22. e4 $2 (22. Rc5 $18) 22... Qh5 (22... dxe4 $16 23. fxe4 Qh5) 23. Qxd5 (23. exd5 $6 Bxd4 24. b4 g5 25. Qc2+ Qg6) 23... Qxd5 24. exd5 Bxd4 {[%emt 0:04:59] [#]} 25. Rc7 $1 Re8 26. b4 Kg7 27. Bf4 e5 28. Be3 Rd8 29. f4 ({Don't play} 29. Bxd4 $6 exd4 30. Kf1 (30. Rxa7 $2 d3 $19) 30... a5 $14) (29. b5 $16) 29... Rxd5 $14 30. Kf3 (30. fxe5 $14 Bxe3 31. fxe3 Rxe5 32. Rxa7) 30... exf4 $11 31. Kxf4 Bxe3+ 32. fxe3 Rb5 33. a3 a5 34. Rc5 Rxc5 35. bxc5 Kf6 36. c6 Ke6 37. c7 $1 Kd7 38. Ke5 g5 39. hxg5 hxg5 40. Kf5 f6 41. e4 (41. Kxf6 $5 g4 $8 42. e4 $11) 41... Kxc7 42. Kxf6 g4 43. e5 g3 44. e6 $1 g2 (44... Kd8 $5 45. Kf7 $8 g2 $11) 45. e7 g1=Q (45... g1=R $2 46. e8=Q (46. e8=B $2 {perishes.} Rf1+ 47. Kg7 Re1 $19) 46... Rf1+ 47. Kg5 $18) (45... Kd7 $5 46. Kf7 $8 g1=Q 47. e8=Q+ (47. e8=B+ $2 Kd8 $19) 47... Kc7 $11) 46. e8=Q Qf2+ 47. Kg7 Qb2+ 48. Kh7 Qxa3 49. Qe5+ Kc6 50. Qe8+ Kd5 51. Qf7+ Kd4 52. Qf6+ Kc4 53. Qe6+ Kb4 54. Qe4+ Kb3 55. Qd3+ Kb4 56. Qd6+ Ka4 57. Qd7+ Kb3 58. Qd3+ Kb2 59. Qd2+ Kb1 60. Qd1+ Qc1 61. Qb3+ Qb2 62. Qd1+ $1 Ka2 63. Qa4+ Qa3 64. Qc2+ Ka1 65. Qd1+ Kb2 66. Qd2+ Kb1 67. Qd1+ Qc1 68. Qb3+ Qb2 1/2-1/2

[Event "35th Staufer-Open-A 2025"]
[Site "Schwaebisch Gmuend"]
[Date "2025.01.05"]
[Round "8.18"]
[White "Gut, Lionel"]
[Black "Herbrig, Alexander"]
[Result "1-0"]
[ECO "E43"]
[WhiteElo "2152"]
[BlackElo "2325"]
[Annotator "TA"]
[PlyCount "111"]
[EventDate "2024.11.24"]
[EventType "swiss"]
[EventCountry "GER"]
[SourceTitle "playchess.com"]
[Source "ChessBase"]
[SourceQuality "1"]
[TimeControl "40/6000+30:1200+30"]

1. d4 Nf6 2. c4 e6 3. Nc3 Bb4 4. e3 O-O 5. Bd2 b6 6. Nf3 c5 7. Bd3 Bb7 8. a3 Bxc3 9. Bxc3 Ne4 10. Bxe4 $1 Bxe4 11. dxc5 bxc5 {[%emt 0:00:59] Black is weak on the dark squares} 12. Qd6 {[%emt 0:00:01] Wards off Qe7} Nc6 {[%emt 0:22:15] Dodges Qe5} 13. Qxc5 {[%emt 0:22:07] White has more active pieces.} d6 14. Qh5 $40 {[%emt 0:03:04][%mdl 128] Black needs to defend precisely.} e5 15. O-O g6 16. Qh3 f5 (16... Qe7) 17. Rfd1 $16 Qe7 18. Qh6 ({White should play} 18. Qh4 $18 {Hoping for Qxe7.} Qxh4 19. Nxh4) 18... Bxf3 19. gxf3 f4 {[%emt 0:00:28] [#]} 20. e4 $1 {[%emt 0:00:26] Dodges Rf5} Qe6 21. Kg2 Rf6 ({Black should play} 21... Rac8 22. Qh3 Qxh3+ 23. Kxh3 Rf6) 22. Qg5 Nd8 23. Rd5 Nf7 24. Qh4 Rc8 25. b3 g5 26. Qg4 Qxg4+ 27. fxg4 h5 28. gxh5 g4 29. Bb4 Kh7 (29... Kg7 $16) 30. Rad1 $18 Rc6 31. c5 (31. h3 $142) 31... dxc5 32. Rxc5 (32. Bxc5 Kh6 $16) (32. Bc3 $18) 32... Rxc5 (32... Kh6 $16 {was necessary.}) 33. Bxc5 {[%emt 0:00:11][%cal Od1d7][%mdl 4096] Endgame KRB-KRN. White is two pawns up.} a6 (33... Kh6 $142 34. Bxa7 Ng5) 34. Rd5 Kh6 35. h3 ({Less strong is} 35. Be7 Re6 36. Rd7 Kxh5 $11) (35. b4 $18) 35... gxh3+ $16 36. Kxh3 Kxh5 {[%emt 0:00:55] [#]} 37. Kg2 $1 f3+ $2 (37... Rg6+ $16 38. Kf1 f3) 38. Kg3 $18 Kg6 (38... Rf4 $142 39. Be3 Rxe4 40. Kxf3 Rg4) 39. b4 Rc6 40. Kxf3 Kf6 41. Be3 Nd6 (41... Rc3 $142 42. Ra5 Ng5+ 43. Kg4 Nxe4 44. Rxa6+ Ke7) 42. Rc5 Rxc5 43. Bxc5 {[%emt 0:00:00] KB-KN. White is two pawns up.} Nb7 44. Ke3 Ke6 45. Kd3 Nd8 46. Kc4 Nf7 47. Be3 Kd6 48. b5 axb5+ 49. Kxb5 {[%emt 0:00:00] White wants to mate with a4.} Kd7 50. Kc5 Ke6 51. a4 Nd6 52. a5 Kd7 53. Kd5 Kc7 54. Bb6+ Kd7 55. a6 Nc8 56. Bc5 1-0

[Event "35th Staufer-Open-A 2025"]
[Site "Schwaebisch Gmuend"]
[Date "2025.01.05"]
[Round "8.19"]
[White "Kocak, Ediz"]
[Black "Besou, Hussain"]
[Result "0-1"]
[ECO "E11"]
[WhiteElo "2173"]
[BlackElo "2322"]
[Annotator "TA"]
[PlyCount "56"]
[EventDate "2024.11.24"]
[EventType "swiss"]
[EventCountry "GER"]
[SourceTitle "playchess.com"]
[Source "ChessBase"]
[SourceQuality "1"]
[TimeControl "40/6000+30:1200+30"]

1. d4 Nf6 2. c4 e6 3. g3 d5 4. Bg2 Bb4+ 5. Bd2 Be7 6. Nf3 O-O 7. O-O c6 8. Bc3 a5 9. Nbd2 b5 10. b3 Nbd7 11. c5 b4 12. Bb2 Ba6 13. Re1 Ne4 14. Nxe4 dxe4 15. Nd2 f5 16. f3 exf3 17. exf3 e5 $1 18. dxe5 (18. Rc1 $11) 18... Bxc5+ (18... Nxc5 $17 {Threatens to win with ...Nd3.} 19. Bf1 Nd3 20. Bxd3 Qxd3 (20... Bxd3 21. Kh1 $17)) 19. Kh1 $11 Bf2 20. e6 $2 Bxe1 $19 21. Qxe1 {[%emt 0:00:02][%cal Oe6e7] Hoping for e7!.} Re8 22. f4 Nf8 23. Qe5 Ra7 (23... Qxd2 24. Qxg7#) (23... Nxe6 24. Bxc6 Rc8 (24... Qxd2 25. Bxa8 Rxa8 26. Qxe6+ Kh8 27. Bxg7+ Kxg7 28. Qe5+ Kg8 29. Qe6+ Kg7 30. Qe7+ Kg6 31. Qe6+ Kg7 $11) 25. Bxe8 Bb7+ (25... Qxe8 26. Re1 $17) 26. Kg1 Qb6+ (26... Qxe8 27. Re1 $16) 27. Kf1 Rxe8 28. Rc1 $19) 24. Nc4 (24. Qc5 $142 Rae7 (24... Qxd2 25. Qxa7 Nxe6 26. Qxa6 $11) 25. Nf3) 24... Bxc4 (24... Nxe6 25. Nd6 Ree7 26. Nxf5 $14) 25. bxc4 $2 (25. Qc5 Qe7 (25... Nxe6 26. Qxa7 Bd5 27. Re1 $19) 26. Qxc4 Qxe6 (26... Nxe6 27. Bxc6 Rc8 28. Re1 $17) 27. Bxc6 Qxc4 28. bxc4) 25... Rxe6 ({Inferior is} 25... Nxe6 26. Bxc6 a4 (26... Ree7 27. Qxf5 Nf8 28. Qd5+ Qxd5+ 29. Bxd5+ Kh8 30. Bd4 $11) 27. Qb5 $11 (27. Bxe8 Qxe8 28. Kg1 Qc8 $11)) 26. Qxf5 Rae7 27. Be5 Nd7 28. Rd1 Qe8 0-1